 Dungeon Crawl Stone Soup version 0.29.1-2-gbd0b4ee654 (webtiles) character file.

Game seed: 2583566508017545539

114 Omegus91 the Insei (level 4, -1/37 HPs)
             Began as a Draconian Transmuter on Nov 7, 2022.
             Slain by a killer bee (3 damage)
             ... on level 3 of the Dungeon.
             The game lasted 00:07:12 (3178 turns).

Omegus91 the Insei (Draconian Transmuter)           Turns: 3178, Time: 00:07:13

Health: -1/37      AC:  6    Str: 12    XL:     4   Next: 67%
Magic:  7/7        EV: 12    Int: 13    God:
Gold:   151        SH:  0    Dex: 14    Spells: 1/7 levels left

rFire   . . .      SeeInvis .     - Unarmed
rCold   . . .      Faith    .   (no shield)
rNeg    . . .      Spirit   .   (body armour unavailable)
rPois   .          Reflect  .   (helmet currently unavailable)
rElec   .          Harm     .   e - +0 cloak
rCorr   .          Rampage  .   (no gloves)
Will    .....                   (boots currently unavailable)
Stlth   ++........              f - amulet of magic regeneration
HPRegen 0.12/turn               (no ring)
MPRegen 0.50/turn               (no ring)

@: appendages (expiring)
A: horns 2, talons 2, AC +5, unfitting armour, cold-blooded
a: End Transformation


You were on level 3 of the Dungeon.
You had temporarily grown beastly horns and talons.
You visited 1 branch of the dungeon, and saw 4 of its levels.

You collected 171 gold pieces.
You spent 20 gold pieces at shops.

Inventory:

Missiles
 b - 29 stones
 d - 4 poisoned darts
Armour
 e - a +0 cloak (worn)
Jewellery
 f - an amulet of magic regeneration (around neck)
 n - a ring of protection from fire
Wands
 q - a wand of acid (7)
 s - a wand of charming (9)
Scrolls
 c - 2 scrolls of enchant weapon {unknown}
 h - 6 scrolls of identify
 l - a scroll of enchant armour {unknown}
 m - a scroll of acquirement {unknown}
 o - a scroll of noise {unknown}
 t - a scroll of teleportation {unknown}
Potions
 a - a potion of lignification
 g - a potion of degeneration {unknown}
 j - a potion of resistance {unknown}
 k - 2 potions of brilliance {unknown}
 p - a potion of might {unknown}
 r - a potion of ambrosia {unknown}


   Skills:
 + Level 2.3 Fighting
 - Level 1.7 Dodging
 + Level 1.4 Stealth
 * Level 4.1 Unarmed Combat
 - Level 2.0 Spellcasting
 + Level 2.8 Transmutations
 + Level 0.5 Poison Magic


You had one spell level left.
You knew the following spells:

 Your Spells              Type           Power      Damage    Failure   Level
a - Beastly Appendage     Tmut           16%        N/A       8%          1
b - Wereblood             Tmut           8%         N/A       12%         2
c - Spider Form           Tmut/Pois      5%         N/A       36%         3

Your spell library contained the following spells:

 Spells                   Type           Power      Damage    Failure   Level
 Magic Dart               Conj           4%         1d3       26%         1
 Searing Ray              Conj           2%         2d4       36%         2
 Ice Form                 Ice/Tmut       5%         N/A       80%         4
 Fulminant Prism          Conj/Hex       0%         3d6       94%         4


Dungeon Overview and Level Annotations

Branches:
Dungeon (4/15)
 Temple: D:4-7

Altars:

Shops:
D:3 *

Annotations:
D:4 exclusion: necrophage


Innate Abilities, Weirdness & Mutations

You have temporarily grown beastly horns and talons.
Your plain brown scales are hard. (AC +5)
You cannot fit into any form of body armour.
You are cold-blooded and may be slowed by cold attacks.


Message History

* * * LOW HITPOINT WARNING * * *
You feel sick. The killer bee barely misses you. The killer bee misses you.
You miss the killer bee. Your kick misses the killer bee.
Your headbutt misses the killer bee.
Your tail-slap misses the killer bee.
* * * LOW HITPOINT WARNING * * *
You feel sick. The killer bee misses you.
You miss the killer bee.
Your tail-slap misses the killer bee.
Your transformation is almost over.
You feel sick. The killer bee completely misses you.
The killer bee stings you but does no damage.
You hit the killer bee. You claw the killer bee.
Your headbutt misses the killer bee. You punch the killer bee.
The killer bee is severely wounded.
* * * LOW HITPOINT WARNING * * *
You feel sick. The killer bee closely misses you. x2
You hit the killer bee. Your kick misses the killer bee.
Your headbutt misses the killer bee.
The killer bee is almost dead.
* * * LOW HITPOINT WARNING * * *
You feel sick.
The killer bee stings you but does no damage.
The killer bee barely misses you.
You closely miss the killer bee. Your kick misses the killer bee.
The killer bee is almost dead.
You feel sick.
The killer bee stings you but does no damage. x2
You closely miss the killer bee. Your headbutt misses the killer bee.
Your tail-slap misses the killer bee.
The killer bee is almost dead.
* * * LOW HITPOINT WARNING * * *
You feel sick.
You are no longer poisoned.
The killer bee misses you. The killer bee barely misses you.
You barely miss the killer bee. Your kick misses the killer bee.
The killer bee is almost dead.
The killer bee closely misses you. The killer bee barely misses you.
You miss the killer bee.
The killer bee is almost dead.
The killer bee stings you.
You die...

..#...##..........# #..........
..#...##..........# #..........
..+...##..........# #..........
..#...##..........#####.#.#..[...
..######..................#......
..# #..................##.....
..# #########.........†#.....#
..# ##########..........#.....#
### #........y@..####.#.#.....#
#######............####.#.#......
........................#........
###.....................#........
#.###............####.#........
#.# #............# #.#........
#.# #............# #.#........
#.# #............# #.#.#######
#.# ############## #.#.##.....


You could see a killer bee.

Vanquished Creatures
  A killer bee (D:3)
  An adder (D:2)
  A worm (D:4)
  2 dart slugs
  5 bats
  3 endoplasms (D:1)
  5 giant cockroaches
  6 goblins
  4 hobgoblins
  3 jackals (D:3)
  4 quokkas
  6 ball pythons
  A frilled lizard (D:1)
  6 kobolds
  3 rats (D:1)
51 creatures vanquished.

Notes
Turn   | Place    | Note
-------+----------+-------------------------------------------
     0 | D:1      | Omegus91 the Draconian Transmuter began the quest for the
                  | Orb.
     0 | D:1      | Reached XP level 1. HP: 16/16 MP: 3/3
   291 | D:1      | Reached XP level 2. HP: 19/23 MP: 5/5
   975 | D:1      | Reached XP level 3. HP: 29/29 MP: 6/6
  1637 | D:2      | Found a faded altar of an unknown god.
  1782 | D:3      | Identified the +1 robe "Wenuxick" {rC- rN+ Str-2 Dex+9}
  1900 | D:3      | Reached skill level 1 in Stealth
  1941 | D:3      | Found Urumymuo's General Store.
  2072 | D:3      | Bought a scroll of identify for 20 gold pieces
  2250 | D:3      | Learned a level 2 spell: Wereblood
  2352 | D:3      | Learned a level 3 spell: Spider Form
  2767 | D:4      | Reached XP level 4. HP: 33/36 MP: 7/7
  2793 | D:4      | Noticed a necrophage
  2871 | D:3      | Reached skill level 4 in Unarmed Combat
  3176 | D:3      | HP: 1/37 [poisoned by a killer bee]
  3178 | D:3      | Slain by a killer bee

Illustrated notes

Levels and vault maps discovered:
D:1:      lemuel_arrival_tunnels, layout_basic
D:2:      layout_basic, basic_ecumenical_altar
D:3:      layout_basic, serial_shops, shop
D:4:      layout_cave_pools, mainiacjoe_overflow_small_starburst,
          gammafunk_ghost_stat_death

Skill      XL: |  1  2  3  4 |
---------------+-------------+-----
Fighting       | 2 |  2.3
Stealth        | 1 |  1.4
Unarmed Combat | 4 |  4.1
Dodging        | |  1.7
Spellcasting   | |  2.0
Transmutations | |  2.8
Poison Magic   | |  0.5

Action                   |  1- 3 |  4- 6 || total
-------------------------+-------+-------++-------
Melee: Unarmed           |   197 |    22 ||   219
       Tailslap          |    17 |     1 ||    18
       Punch             |     4 |     1 ||     5
       Kick              |     1 |     5 ||     6
       Headbutt          |     1 |     2 ||     3
 Cast: Beastly Appendage |     1 |     3 ||     4
  Use: Potion            |       |     2 ||     2
 Stab: Sleeping          |     2 |       ||     2
Armor: Skin              |    56 |    14 ||    70
Dodge: Dodged            |    96 |    24 ||   120
